 Dungeon Crawl Stone Soup version 0.30-a0-777-ga9a30cbeda (webtiles) character file.

Game seed: 7514630025741425429

14 PLAYERX the Skirmisher (level 2, 0/20 HPs)
             Began as a Gnoll Wanderer on Feb 13, 2023.
             Slain by a giant cockroach (2 damage)
             ... on level 1 of the Dungeon.
             The game lasted 00:02:32 (394 turns).

PLAYERX the Skirmisher (Gnoll Wanderer)              Turns: 394, Time: 00:02:33

Health: 0/20       AC:  6    Str:  7    XL:     2   Next: 45%
Magic:  7/7        EV:  9    Int: 11    God:
Gold:   42         SH:  0    Dex: 15    Spells: 9/10 levels left

rFire   . . .      SeeInvis .    a - +0 dagger
rCold   . . .      Faith    .    (no shield)
rNeg    . . .      Spirit   .    h - +0 ring mail
rPois   .          Reflect  .    b - +0 helmet
rElec   .          Harm     .    (no cloak)
rCorr   .          Rampage  .    (no gloves)
Will    .....                    (no boots)
Stlth   ++                       (no amulet)
HPRegen 0.23/turn                (no ring)
MPRegen 0.10/turn                (no ring)

@: no status effects
A: fangs 1, strong nose, distributed training
a: no special abilities


You were on level 1 of the Dungeon.
You visited 1 branch of the dungeon, and saw 1 of its levels.

You collected 42 gold pieces.

Inventory:

Hand Weapons
 a - a +0 dagger (weapon)
Armour
 b - a +0 helmet (worn)
 h - a +0 ring mail (worn)
Scrolls
 c - a scroll of teleportation
 f - a scroll of blinking {unknown}
Potions
 e - a potion of heal wounds {unknown}
 g - a potion of magic {unknown}


   Skills:
 + Level 0.4 Fighting
 + Level 0.4 Short Blades
 + Level 0.4 Long Blades
 + Level 0.4 Axes
 + Level 0.4 Maces & Flails
 + Level 0.4 Polearms
 + Level 0.4 Staves
 + Level 8.5 Ranged Weapons
 + Level 0.4 Throwing
 + Level 2.5 Armour
 + Level 0.4 Dodging
 + Level 4.1 Stealth
 + Level 0.4 Shields
 + Level 0.4 Unarmed Combat
 + Level 4.9 Spellcasting
 + Level 0.2 Conjurations
 + Level 0.2 Hexes
 + Level 0.2 Summonings
 + Level 0.2 Necromancy
 + Level 0.2 Translocations
 + Level 2.0 Transmutations
 + Level 0.2 Fire Magic
 + Level 0.2 Ice Magic
 + Level 0.2 Air Magic
 + Level 0.2 Earth Magic
 + Level 0.2 Poison Magic
 + Level 0.5 Invocations
 + Level 0.4 Evocations


You had 9 spell levels left.
You knew the following spells:

 Your Spells              Type           Power      Damage    Failure   Level
a - Beastly Appendage     Tmut           14%        N/A       30%         1

Your spell library contained the following spells:

 Spells                   Type           Power      Damage    Failure   Level
 Static Discharge         Conj/Air       6%         2-3/arc   67%         2
 Ignite Poison            Fire/Tmut/Pois 4%         N/A       83%         3
 Vhi's Electric Charge    Tloc/Air       6%         N/A       88%         3
 Arcjolt                  Conj/Air       1%         1d11      100%        5
 Lightning Bolt           Conj/Air       1%         1d12      100%        5


Dungeon Overview and Level Annotations

Branches:
Dungeon (1/15)

Altars:


Innate Abilities, Weirdness & Mutations

You have very sharp teeth.
Your uncanny sense of smell can sniff out nearby items.
Your experience applies equally to all skills.


Message History

The hobgoblin hits you but does no damage.
The giant cockroach barely misses you.
You closely miss the hobgoblin.
The hobgoblin is severely wounded.
The hobgoblin hits you but does no damage.
The giant cockroach completely misses you.
You hit the hobgoblin.
The hobgoblin is almost dead.
The giant cockroach barely misses you. The hobgoblin hits you.
* * * LOW HITPOINT WARNING * * *
You barely miss the hobgoblin.
The hobgoblin is almost dead.
The giant cockroach barely misses you.
The hobgoblin hits you but does no damage.
You closely miss the hobgoblin. Your bite misses the hobgoblin.
The hobgoblin is almost dead.
The giant cockroach bites you but does no damage.
The hobgoblin misses you.
The giant cockroach bites you but does no damage.
You hit the hobgoblin but do no damage.
The hobgoblin is almost dead.
The hobgoblin closely misses you. The giant cockroach bites you.
* * * LOW HITPOINT WARNING * * *
You hit the hobgoblin but do no damage.
You bite the hobgoblin, but do no damage.
The hobgoblin is almost dead.
The hobgoblin barely misses you. The giant cockroach misses you.
You closely miss the hobgoblin.
The hobgoblin is almost dead.
The hobgoblin closely misses you. The giant cockroach barely misses you.
You hit the hobgoblin.
You kill the hobgoblin!
The giant cockroach bites you.
* * * LOW HITPOINT WARNING * * *
The giant cockroach bites you.
* * * LOW HITPOINT WARNING * * *
You hit the giant cockroach.
The giant cockroach is moderately wounded.
The giant cockroach bites you.
You die...

~~~~~~≈P....#
..........###
..........# ...#####.###
.#..####...##
.##...†.##..#
..#####..##.###### #$#
#................##.....
#######....[....@.......
##........B##.....
#.........# ...
#.........# .
###########


You could see a giant cockroach.

Vanquished Creatures
  2 endoplasms (D:1)
  3 hobgoblins (D:1)
  3 jackals (D:1)
  A quokka (D:1)
  A ball python (D:1)
  A frilled lizard (D:1)
  A rat (D:1)
12 creatures vanquished.

Vanquished Creatures (others)
  A plant (D:1)
1 creature vanquished.

Grand Total: 13 creatures vanquished

Notes
Turn   | Place    | Note
-------+----------+-------------------------------------------
     0 | D:1      | PLAYERX the Gnoll Wanderer began the quest for the Orb.
     0 | D:1      | PLAYERX set off with the following items: a +2 sling, a +0
                  | helmet, a scroll of teleportation, a +0 robe; and the
                  | following spell memorised: Beastly Appendage; and the
                  | following spells available to memorise: Ignite Poison.
     0 | D:1      | Reached XP level 1. HP: 13/13 MP: 6/6
   197 | D:1      | Reached XP level 2. HP: 19/19 MP: 7/7
   393 | D:1      | HP: 1/20 [giant cockroach (2)]
   394 | D:1      | Slain by a giant cockroach

Illustrated notes

Levels and vault maps discovered:
D:1:      giann_bridges, layout_rooms, minmay_tetromino_i2

Skill      XL: |  1 |
---------------+----+-----
Transmutations | 2 |  2.0
Fighting       | |  0.4
Short Blades   | |  0.4
Long Blades    | |  0.4
Axes           | |  0.4
Maces & Flails | |  0.4
Polearms       | |  0.4
Staves         | |  0.4
Ranged Weapons | |  8.5
Throwing       | |  0.4
Armour         | |  2.5
Dodging        | |  0.4
Stealth        | |  4.1
Shields        | |  0.4
Unarmed Combat | |  0.4
Spellcasting   | |  4.9
Conjurations   | |  0.2
Hexes          | |  0.2
Summonings     | |  0.2
Necromancy     | |  0.2
Translocations | |  0.2
Fire Magic     | |  0.2
Ice Magic      | |  0.2
Air Magic      | |  0.2
Earth Magic    | |  0.2
Poison Magic   | |  0.2
Invocations    | |  0.5
Evocations     | |  0.4

Action                     || total
---------------------------++-------
  Melee: Dagger            ||    86
         Bite              ||    11
   Fire: Sling             ||     2
   Stab: Sleeping          ||     1
 Armour: Robe              ||    27
         Ring mail         ||    12
  Dodge: Dodged            ||    69

Table legend: (Time is in decaauts)
 A = Elapsed time spent in this place.
 B = Non-inter-level travel time spent in this place.
 C = Inter-level travel time spent in this place.
 D = Time resting spent in this place.
 E = Time spent auto-exploring this place.
 F = Levels seen in this place.
 G = Mean time per level.
                   A        B        C        D        E       F      G
               +--------+--------+--------+--------+--------+-----+--------+
         Total |    392 |    392 |      0 |    100 |    118 |   1 |  392.0 |
       Dungeon |    392 |    392 |      0 |    100 |    118 |   1 |  392.0 |
               +--------+--------+--------+--------+--------+-----+--------+

Top non-repeatable levels by time:
     D:1: 392 daAuts
